 Dungeon Crawl Stone Soup version 0.30-a0-634-g8abc852 (webtiles) character file.

Game seed: 2175978941338603985

6166 Geeful the Covert (level 11, -1/66 HPs)
             Began as a Kobold Enchanter on Jan 14, 2023.
             Was a Believer of Sif Muna.
             Succumbed to their own poison gas
             ... on level 8 of the Dungeon.
             The game lasted 00:33:17 (9052 turns).

Geeful the Covert (Kobold Enchanter)                Turns: 9052, Time: 00:33:17

Health: -1/66      AC: 16    Str: 18    XL:     11   Next: 13%
Magic:  21/21      EV: 21    Int: 26    God:    Sif Muna [**....]
Gold:   584        SH:  0    Dex: 22    Spells: 18/23 levels left

rFire   . . .      SeeInvis .    a - +7 short sword "Arugic" {drain, Str+6}
rCold   . . .      Faith    .    c - orb {*channel}
rNeg    . . .      Spirit   .    p - +4 robe of Augmentation {Str+4 Int+4 Dex+4}
rPois   .          Reflect  .    q - +2 helmet
rElec   .          Harm     .    (no cloak)
rCorr   .          Rampage  .    g - +2 pair of gloves
Will    .....                    (no boots)
Stlth   ++++++                   (no amulet)
HPRegen 0.31/turn                j - +4 ring of protection
MPRegen 0.17/turn                d - +6 ring of intelligence

@: lethally poisoned (-1 -> -61)
A: small, no large weapons, nightstalker 3
a: Renounce Religion, Channel Magic


You were on level 8 of the Dungeon.
You worshipped Sif Muna.
Sif Muna was pleased with you.
You visited 2 branches of the dungeon, and saw 9 of its levels.

You collected 584 gold pieces.

Inventory:

Hand Weapons
 a - the +7 short sword "Arugic" (weapon) {drain, Str+6}
   (You found it on level 4 of the Dungeon)

   Str:       It affects your strength (+6).
 b - the +7 Throatcutter {drain, coup de grace}
   (You found it on level 7 of the Dungeon)
Missiles
 l - 25 poisoned darts (quivered)
 y - 2 throwing nets
Armour
 c - an orb of energy (worn)
 g - a +2 pair of gloves (worn)
 p - the +4 robe of Augmentation (worn) {Str+4 Int+4 Dex+4}
   (You found it on level 2 of the Dungeon)

   Str:       It affects your strength (+4).
   Int:       It affects your intelligence (+4).
   Dex:       It affects your dexterity (+4).
 q - a +2 helmet (worn)
Jewellery
 d - a +6 ring of intelligence (right hand)
 j - a +4 ring of protection (left hand)
 t - a ring of see invisible
 x - a +4 ring of protection
 B - a ring of flight
Wands
 w - a wand of mindburst (30)
 F - a wand of light (5)
Scrolls
 f - a scroll of poison
 h - 4 scrolls of enchant weapon
 i - a scroll of torment
 k - 2 scrolls of enchant armour
 n - 2 scrolls of immolation
 r - 8 scrolls of teleportation
 v - 3 scrolls of fog
 G - a scroll of magic mapping
Potions
 e - 4 potions of curing
 m - a potion of lignification {unknown}
 o - a potion of berserk rage
 s - 3 potions of heal wounds
 u - 2 potions of mutation {unknown}
 z - a potion of flight {unknown}
 A - 2 potions of cancellation {unknown}
 C - 2 potions of haste {unknown}
 D - a potion of brilliance {unknown}
 E - a potion of might {unknown}


   Skills:
 + Level 6.7 Fighting
 + Level 8.2 Short Blades
 + Level 7.9 Dodging
 + Level 9.8 Stealth
 + Level 6.7 Spellcasting
 + Level 7.1 Hexes
 + Level 3.2 Invocations
 + Level 3.3 Evocations


You had 18 spell levels left.
You knew the following spells:

 Your Spells              Type           Power      Damage    Failure   Level
a - Ensorcelled Hibernat  Hex/Ice        54%        N/A       2%          2
b - Confusing Touch       Hex            46%        N/A       1%          3

Your spell library contained the following spells:

 Spells                   Type           Power      Damage    Failure   Level
 Tukima's Dance           Hex            46%        N/A       1%          3
 Dazzling Flash           Conj/Hex       54%        N/A       4%          3
 Magic Dart               Conj           32%        1d4       6%          1
 Necrotise                Necr           32%        1d5       6%          1
 Call Imp                 Summ           8%         N/A       10%         2
 Mephitic Cloud           Conj/Pois/Air  8%         N/A       19%         3
 Vampiric Draining        Necr           8%         2d6       19%         3
 Yara's Violent Unravell  Hex/Tmut       13%        3d7       38%         5
 Passage of Golubria      Tloc           8%         N/A       54%         4
 Summon Lightning Spire   Summ/Air       8%         N/A       54%         4
 Agony                    Necr           8%         N/A       87%         5
 Storm Form               Tmut/Air       4%         N/A       100%        7
 Maxwell's Capacitive Co  Air            4%         ∞         100%        8


Dungeon Overview and Level Annotations

Branches:
Dungeon (8/15)             Temple (1/1) D:6
   Lair: D:8-11

Altars:
Ashenzari
Cheibriados
Elyvilon
Fedhas
Kikubaaqudgha
Makhleb
Nemelex Xobeh
Okawaru
Qazlal
Ru
Sif Muna
Trog
Uskayaw
Vehumet
Xom
Yredelemnul
The Shining One

Shops:
D:2 [

Annotations:
D:8 exclusion: door


Innate Abilities, Weirdness & Mutations

You are small and have problems with some larger weapons.
You are completely attuned to the shadows.


Message History

You see here a +0 flail.
Found a blossoming altar of Fedhas.
There is an open door here.
There is an escape hatch in the floor here.
A killer bee comes into view.
You open the door.
There is an open door here.
There is an iron altar of Okawaru here.
There is an open door here.
You open the door.
There is an open door here.
You open the door.
There is an open door here. 3 killer bees come into view.
The killer bee buzzes angrily. x4
Really read the scroll of poison?
The air fills with toxic fumes!
As you read the scroll of poison, it crumbles to dust.
The killer bee stings you.
You are poisoned.
The killer bee poisons you!
Really walk into that cloud of poison gas?
Okay, then.
Really walk into that cloud of poison gas?
You are engulfed in poison gas.
You are more poisoned.
You feel extremely sick. The killer bee misses you.
There is an open door here.
The killer bee attacks as you move away!
The killer bee barely misses you.
You are engulfed in poison gas.
You are more poisoned.
You feel extremely sick.
You are engulfed in poison gas.
You are more poisoned.
You feel extremely sick.
You are engulfed in poison gas.
You are more poisoned.
* * * LOW HITPOINT WARNING * * *
You die...

#.......####################
.).#'##................#....
...#....#...........#..#....
...#....#.>........§#..'....
...#....#.........§y####....
...####'##########§#.y...########
...#......# #§§§#.yy..#.......
...#......# #§§§#.yy..+.......
...######### #@###.... #...<.##
####)))#...#####.#########.....##
..+#'###'#........#......#......#
..##.....#........+......+......#
..##.###.#........#......#......#
####.....###.###.###..######...##
...'.._..'.#########..######'###
...#.....#.'..'....#...#.......#
...#.###.#.#..#....#...#.......#


You could see a killer bee.

Vanquished Creatures
  Pikel (D:4)
  Psyche (D:8)
  2 kobold demonologists (D:7)
  Prince Ribbit (D:8)
  Grinder (D:6)
  3 slime creatures (D:8)
  A steam dragon (D:7)
  6 yaks (D:5)
  Edmund (D:4)
  Menkaure (D:4)
  The ghost of steven32 the Covert, an amateur KoBr (D:3)
  A water moccasin (D:7)
  An orc warrior (D:8)
  Duvessa (D:4)
  An ice beast (D:6)
  A black bear (D:5)
  An ogre (D:5)
  A centaur (D:8)
  2 phantoms (D:5)
  2 lemures (D:4)
  4 kobold brigands (D:7)
  3 bullfrogs
  A gnoll sergeant (D:6)
  2 scorpions (D:5)
  Dowan (D:4)
  4 howler monkeys
  2 hounds
  A gnoll bouda (D:8)
  6 orc priests
  8 iguanas
  12 orc wizards
  12 gnolls
  7 adders
  2 river rats (D:5)
  A shadow imp (D:8)
  A white imp (D:6)
  3 worms
  32 orcs
  7 ball pythons
  2 bats
  4 endoplasms
  2 giant cockroaches
  6 hobgoblins
  2 jackals (D:5)
  9 kobolds
  2 quokkas
  4 frilled lizards
  9 goblins
  5 rats
184 creatures vanquished.

Vanquished Creatures (others)
  34 plants
  6 withered plants (D:8)
40 creatures vanquished.

Grand Total: 224 creatures vanquished

Notes
Turn   | Place    | Note
-------+----------+-------------------------------------------
     0 | D:1      | Geeful the Kobold Enchanter began the quest for the Orb.
     0 | D:1      | Reached XP level 1. HP: 10/10 MP: 3/3
    90 | D:1      | Reached XP level 2. HP: 7/16 MP: 5/5
   426 | D:1      | Reached XP level 3. HP: 20/20 MP: 6/6
   429 | D:1      | Learned a level 2 spell: Ensorcelled Hibernation
   433 | D:1      | Learned a level 3 spell: Confusing Touch
   455 | D:1      | Reached skill level 1 in Fighting
  1202 | D:2      | Reached XP level 4. HP: 25/25 MP: 7/7
  1266 | D:2      | Found Viateveu's Antique Armour Shoppe.
  1294 | D:2      | Found the +4 robe of Augmentation {Str+4 Int+4 Dex+4}
  1709 | D:3      | Found a sparkling altar of Nemelex Xobeh.
  1842 | D:3      | Found a sacrificial altar of Ru.
  1890 | D:3      | Found a faded altar of an unknown god.
  2061 | D:3      | Found a basalt altar of Yredelemnul.
  2061 | D:3      | Found a stormy altar of Qazlal.
  2061 | D:3      | Found a broken altar of Ashenzari.
  2099 | D:3      | Found a runed translucent gate.
  2099 | D:3      | Found a runed translucent gate.
  2099 | D:3      | Found a runed translucent gate.
  2100 | D:3      | Noticed steven32's ghost (amateur KoBr)
  2144 | D:3      | Killed steven32's ghost
  2145 | D:3      | Reached skill level 5 in Stealth
  2145 | D:3      | Reached XP level 5. HP: 30/30 MP: 6/9
  2145 | D:3      | Reached XP level 6. HP: 35/35 MP: 6/10
  2794 | D:4      | Noticed Menkaure
  2801 | D:4      | Killed Menkaure
  2922 | D:4      | Reached XP level 7. HP: 40/40 MP: 12/12
  3273 | D:4      | Noticed Duvessa
  3295 | D:4      | Killed Duvessa
  3310 | D:4      | Noticed Edmund
  3311 | D:4      | Identified the +7 short sword "Arugic" {drain, Str+6}
  3327 | D:4      | Noticed Dowan
  3328 | D:4      | Killed Edmund
  3329 | D:4      | Reached skill level 6 in Stealth
  3342 | D:4      | Killed Dowan
  3596 | D:4      | Noticed Pikel
  3607 | D:4      | Killed Pikel
  3608 | D:4      | Reached skill level 5 in Short Blades
  3608 | D:4      | Reached skill level 5 in Dodging
  3608 | D:4      | Reached XP level 8. HP: 48/48 MP: 10/14
  4424 | D:5      | Entered Level 5 of the Dungeon
  4433 | D:5      | Reached skill level 5 in Hexes
  4511 | D:5      | Noticed a yak
  4511 | D:5      | Noticed a yak
  4511 | D:5      | Noticed a yak
  4540 | D:5      | Killed a yak
  4541 | D:5      | Reached skill level 7 in Stealth
  4560 | D:5      | Noticed a yak
  4562 | D:5      | Noticed a yak
  4563 | D:5      | Noticed a yak
  4579 | D:5      | Killed a yak
  4580 | D:5      | Reached XP level 9. HP: 50/52 MP: 16/16
  4606 | D:5      | Reached skill level 5 in Spellcasting
  4614 | D:5      | Reached skill level 5 in Fighting
  4660 | D:5      | Reached skill level 8 in Stealth
  5740 | D:6      | Reached XP level 10. HP: 59/59 MP: 18/18
  5788 | D:6      | Noticed Grinder
  5798 | D:6      | Killed Grinder
  5980 | D:6      | Found a radiant altar of Vehumet.
  6195 | D:6      | Found a staircase to the Ecumenical Temple.
  6201 | Temple   | Entered the Ecumenical Temple
  6242 | Temple   | Became a worshipper of Sif Muna the Loreminder
  6885 | D:7      | Reached skill level 1 in Evocations
  7213 | D:7      | Reached skill level 1 in Invocations
  7225 | D:7      | Reached skill level 9 in Stealth
  7371 | D:7      | Noticed a kobold demonologist
  7404 | D:7      | Noticed a kobold demonologist
  7410 | D:7      | Noticed an ice devil
  7412 | D:7      | Killed a kobold demonologist
  7416 | D:7      | Killed a kobold demonologist
  7416 | D:7      | Reached * piety under Sif Muna
  7599 | D:7      | Found the +7 Throatcutter {drain, coup de grace}
  8098 | D:8      | Found an ancient bone altar of Kikubaaqudgha.
  8206 | D:8      | Found an iron altar of Okawaru.
  8219 | D:8      | Noticed Prince Ribbit
  8225 | D:8      | Killed Prince Ribbit
  8617 | D:8      | Reached XP level 11. HP: 66/66 MP: 17/20
  8850 | D:8      | Noticed Psyche
  8854 | D:8      | Killed Psyche
  8862 | D:8      | Reached ** piety under Sif Muna
  8937 | D:8      | Found a blossoming altar of Fedhas.
  9052 | D:8      | Succumbed to their own poison gas

Illustrated notes

Levels and vault maps discovered:
D:1:      dpeg_arrival_snail, layout_basic
D:2:      layout_loops_ring, serial_shops, shop, minmay_octomino_c4
D:3:      layout_basic, gammafunk_temple_overflow_claw, general_overflow_altar,
          mainiacjoe_overflow_concentric_impassable,
          ebering_ecumenical_altar_mist, ebering_ghost_rock_garden
D:4:      layout_layer_cave, serial_bayou_pond_b, uniq_edmund, uniq_menkaure,
          uniq_duvessa, uniq_pikel
D:5:      wad_woods_settlement, layout_basic
D:6:      layout_cave_pods, mainiacjoe_overflow_24_doors,
          minmay_temple_entry_tees, uniq_grinder
D:7:      layout_basic, dilly_guarded_unrand_throatcut
D:8:      layout_gridville, grunt_temple_overflow_growth_and_decay,
          mainiacjoe_overflow_six_doors_small, uniq_psyche, uniq_prince_ribbit1
Temple:   cyrus_circular_temple

Skill      XL: |  1  2  3  4  5  6  7  8  9 10 11 |
---------------+----------------------------------+-----
Fighting       | 1 2 3 4 5 6 |  6.7
Short Blades   | 2 3 5 6 8 |  8.2
Dodging        | 3 5 6 7 |  7.9
Stealth        | 5 6 7 8 9 |  9.8
Spellcasting   | 3 4 5 6 |  6.7
Hexes          | 4 5 6 7 |  7.1
Evocations     | 2 3 |  3.3
Invocations    | 2 3 |  3.2

Action                   |  1- 3 |  4- 6 |  7- 9 | 10-12 || total
-------------------------+-------+-------+-------+-------++-------
Melee: Dagger            |    42 |    60 |    13 |       ||   115
       Short sword       |       |       |   176 |   181 ||   357
       Punch             |       |       |     4 |     1 ||     5
       Long sword        |       |       |       |    16 ||    16
 Cast: Confusing Touch   |       |     2 |     1 |     1 ||     4
       Ensorcelled Hiber |       |     4 |    11 |    16 ||    31
  Use: Potion            |     1 |       |     1 |       ||     2
       Scroll            |     6 |     3 |     2 |     5 ||    16
 Stab: Sleeping          |    19 |    10 |    19 |    22 ||    70
       Invisible         |     1 |       |     1 |       ||     2
       Confused          |       |     3 |       |     2 ||     5
       Distracted        |       |       |     2 |       ||     2
Armor: Robe              |     5 |    18 |    38 |    44 ||   105
Dodge: Dodged            |     8 |    22 |    85 |   112 ||   227

Table legend: (Time is in decaauts)
 A = Elapsed time spent in this place.
 B = Non-inter-level travel time spent in this place.
 C = Inter-level travel time spent in this place.
 D = Time resting spent in this place.
 E = Time spent auto-exploring this place.
 F = Levels seen in this place.
 G = Mean time per level.
                   A        B        C        D        E       F      G
               +--------+--------+--------+--------+--------+-----+--------+
         Total |   8923 |   8708 |    215 |    409 |   6626 |   9 |  991.4 |
       Dungeon |   8874 |   8666 |    208 |    409 |   6595 |   8 | 1109.2 |
        Temple |     48 |     41 |      7 |      0 |     31 |   1 |   48.0 |
               +--------+--------+--------+--------+--------+-----+--------+

Top non-repeatable levels by time:
     D:4: 1631 daAuts
     D:8: 1243 daAuts
     D:5: 1169 daAuts
     D:6: 1112 daAuts
     D:3: 1099 daAuts
     D:1: 1009 daAuts
     D:7: 948 daAuts
     D:2: 659 daAuts
  Temple: 48 daAuts
